 Dungeon Crawl Stone Soup version 0.19-a0-305-g4c536b9 (webtiles) character file.

5021 shmeve the Fighter (level 10, -8/95 HPs)
             Began as a Minotaur Berserker on May 27, 2016.
             Was a High Priest of Trog.
             Mangled by an orc warrior
             ... wielding a +0 spear
              (17 damage)
             ... in a bailey on May 28, 2016.
             The game lasted 00:18:20 (7048 turns).

shmeve the Fighter (Minotaur Berserker)             Turns: 7048, Time: 00:18:21

Health: -8/95      AC: 13    Str: 25    XL:     10   Next: 30%
Magic:  9/9        EV: 11    Int:  4    God:    Trog [*****.]
Gold:   324        SH:  0    Dex: 10    Spells: 0 memorised, 9 levels left

rFire  + . .     SeeInvis .     a - +0 hand axe
rCold  . . .     Gourm    .     k - +0 chain mail
rNeg   + . .     Faith    .     (no shield)
rPois  .         Spirit   .     (helmet restricted)
rElec  .         Dismiss  .     B - +0 cloak
rCorr  .         Reflect  .     (no gloves)
SustAt .         Harm     .     m - +0 pair of boots
MR     .....                    p - amulet of regeneration
Stlth  ..........               I - ring of protection from fire
                                K - ring of positive energy

@: not resistant to hostile enchantments, extremely unstealthy
A: retaliatory headbutt, horns 2
a: Berserk, Trog's Hand, Brothers in Arms, Burn Spellbooks, Renounce Religion


You were in a bailey.
You worshipped Trog.
Trog was extremely pleased with you.
You were not hungry.

You visited 1 branch of the dungeon, and saw 9 of its levels.
You also visited: Bailey.

You collected 324 gold pieces.

Inventory:

Hand Weapons
 a - a +0 hand axe (weapon)
Armour
 k - a +0 chain mail (worn)
 m - a +0 pair of boots (worn)
 B - a +0 cloak (worn)
Jewellery
 p - an amulet of regeneration (around neck)
 I - a ring of protection from fire (right hand)
 K - a ring of positive energy (left hand)
Wands
 x - a wand of iceblast (9/15)
 C - a wand of lightning (3/15)
Scrolls
 b - 5 scrolls of remove curse {unknown}
 d - 5 scrolls of random uselessness {unknown}
 h - 5 scrolls of identify {unknown}
 i - 2 scrolls of blinking {unknown}
 l - 2 scrolls of immolation {unknown}
 n - 6 scrolls of recharging {unknown}
 o - a scroll of brand weapon {unknown}
 q - a scroll of silence {unknown}
 r - 6 scrolls of enchant weapon {unknown}
 t - 2 scrolls of amnesia {unknown}
 u - 3 scrolls of teleportation {unknown}
 w - 2 scrolls of magic mapping {unknown}
 y - 2 scrolls of fog {unknown}
 E - 3 scrolls of fear {unknown}
 G - a scroll of holy word {unknown}
 H - a scroll of summoning {unknown}
 J - 2 scrolls of noise {unknown}
Potions
 e - a potion of invisibility {unknown}
 f - 4 potions of lignification {unknown}
 g - 2 potions of degeneration {unknown}
 j - 2 potions of mutation {unknown}
 s - a potion of resistance {unknown}
 v - 2 potions of heal wounds {unknown}
 z - 2 potions of might {unknown}
 D - a potion of magic {unknown}
 F - a potion of flight {unknown}
 M - 3 potions of curing {unknown}
Comestibles
 c - 3 bread rations
 A - 3 meat rations
 L - a chunk of flesh


   Skills:
 * Level 11.1 Fighting
 * Level 11.0 Axes
 + Level 7.6 Armour
 + Level 7.3 Dodging


You had 9 spell levels left.
You didn't know any spells.

Dungeon Overview and Level Annotations

Branches:
Dungeon (9/15)             Temple (0/1) D:5            Lair (0/8) D:9
    Orc: D:9-12

Altars:
Cheibriados
Dithmenos
Elyvilon
Fedhas
Gozag
Kikubaaqudgha
Makhleb
Nemelex Xobeh
Okawaru
Pakellas
Qazlal
Ru
Trog
Ukayaw
Vehumet
Xom


Innate Abilities, Weirdness & Mutations

You reflexively headbutt those who attack you in melee.
You have a pair of horns on your head.


Message History

The orc warrior hits you but does no damage.
You barely miss the orc warrior.
The orc warrior is moderately wounded.
The orc warrior hits you but does no damage.
The orc warrior shoots a bolt.
The bolt hits you!!
* * * LOW HITPOINT WARNING * * *
Your chain mail prevents you from hitting the orc warrior.
You headbutt the orc warrior, but do no damage.
The orc warrior is moderately wounded.
You hit the orc warrior but do no damage.
The orc warrior is moderately wounded.
The orc warrior hits you with a spear.
* * * LOW HITPOINT WARNING * * *
The orc warrior shoots a bolt.
The bolt completely misses you.
You hit the orc warrior but do no damage.
You headbutt the orc warrior.
The orc warrior is heavily wounded.
The orc warrior closely misses you.
The orc warrior hits you from afar with a spear!
You die...

### #### ##@##
####
....##..(##....
≈≈≈..#.(o#..≈≈≈
≈o≈≈...(...≈≈o≈
ooo≈...(...≈ooo
≈o≈≈.......≈≈o≈
≈≈≈..#...#..≈≈≈
....##.∩.##....
#### ##∩## ####


You could see an orc warrior.

Vanquished Creatures
  Pikel (D:5)
  The ghost of dialectric the Poker, a novice VSCK of Xom (D:8)
  Prince Ribbit (D:9)
  Eustachio (D:5)
  2 hungry ghosts
  Menkaure (D:6)
  2 orc warriors
  3 ice beasts
  3 sky beasts
  4 slaves (D:5)
  4 ogres
  5 centaurs
  2 big kobolds
  3 giant frogs
  A gnoll sergeant (D:8)
  3 scorpions
  A wyvern skeleton (D:8)
  2 howler monkeys
  2 crimson imps
  2 jellies
  A quasit (D:5)
  2 giant frog zombies
  3 hounds
  4 orc wizards
  3 orc priests
  Crazy Yiuf (D:5)
  A giant frog skeleton (D:8)
  A centaur skeleton (D:4)
  A centaur zombie (D:5)
  3 iguanas
  Ijyb (D:3)
  Terence (D:2)
  8 worker ants
  A hound zombie (D:8)
  2 hound skeletons
  7 gnolls
  2 howler monkey skeletons (D:4)
  9 adders
  3 shadow imps
  3 oozes
  An adder zombie (D:8)
  3 adder skeletons
  A worm (D:3)
  2 dart slugs (D:3)
  3 giant geckos
  17 orcs
  2 ball pythons (D:1)
  7 giant cockroaches
  16 goblins
  4 hobgoblins
  3 jackals
  16 kobolds
  4 quokkas
  5 bats
  2 giant gecko skeletons
  5 giant newts
  A jackal skeleton (D:5)
  A quokka skeleton (D:7)
  5 rats
199 creatures vanquished.

Vanquished Creatures (others)
  6 plants (D:8)
6 creatures vanquished.

Grand Total: 205 creatures vanquished

Notes
Turn   | Place    | Note
--------------------------------------------------------------
     0 | D:1      | shmeve the Minotaur Berserker began the quest for the Orb.
     0 | D:1      | Reached XP level 1. HP: 19/19 MP: 0/0
    40 | D:1      | Reached XP level 2. HP: 22/27 MP: 1/1
   322 | D:1      | Reached XP level 3. HP: 33/33 MP: 2/2
   832 | D:2      | Found a white marble altar of Elyvilon.
   843 | D:2      | Reached ** piety under Trog
   874 | D:2      | Noticed Terence
   884 | D:2      | Killed Terence
   884 | D:2      | Reached XP level 4. HP: 41/41 MP: 3/3
   910 | D:2      | Found an iron altar of Okawaru.
  1532 | D:3      | Noticed Ijyb
  1549 | D:3      | Killed Ijyb
  1567 | D:3      | Noticed a centaur
  1574 | D:3      | Killed a centaur
  1574 | D:3      | Reached skill level 5 in Fighting
  1574 | D:3      | Reached skill level 5 in Axes
  1574 | D:3      | Reached XP level 5. HP: 46/48 MP: 4/4
  1697 | D:3      | Found a snail-covered altar of Cheibriados.
  2014 | D:3      | Noticed a centaur
  2020 | D:3      | Killed a centaur
  2020 | D:3      | Reached XP level 6. HP: 53/56 MP: 5/5
  2362 | D:4      | Reached XP level 7. HP: 44/63 MP: 6/6
  2459 | D:4      | Reached *** piety under Trog
  2846 | D:5      | Entered Level 5 of the Dungeon
  2855 | D:5      | Found an opulent altar of Gozag.
  2857 | D:5      | Found a shimmering altar of Xom.
  2871 | D:5      | Noticed Eustachio
  2935 | D:5      | Killed Eustachio
  2935 | D:5      | Reached skill level 5 in Dodging
  3041 | D:5      | Found a staircase to the Ecumenical Temple.
  3097 | D:5      | Reached XP level 8. HP: 69/73 MP: 7/7
  3143 | D:5      | Reached skill level 5 in Armour
  3163 | D:5      | Noticed Crazy Yiuf
  3170 | D:5      | Killed Crazy Yiuf
  3260 | D:5      | Noticed Pikel
  3274 | D:5      | Killed Pikel
  3850 | D:5      | Found a sparkling altar of Nemelex Xobeh.
  3851 | D:5      | Found a radiant altar of Vehumet.
  3851 | D:5      | Found a stormy altar of Qazlal.
  3851 | D:5      | Found an oddly glowing altar of Pakellas.
  3979 | D:6      | Noticed Menkaure
  3990 | D:6      | Killed Menkaure
  4101 | D:6      | Reached XP level 9. HP: 26/82 MP: 8/8
  4283 | D:6      | Found a hide-covered altar to Ukayaw.
  4834 | D:7      | Reached **** piety under Trog
  5005 | D:7      | Paralysed by fainting for 8 turns
  5086 | D:7      | Found a sacrificial altar of Ru.
  5087 | D:7      | Found an ancient bone altar of Kikubaaqudgha.
  5154 | D:7      | Found a burning altar of Makhleb.
  5155 | D:7      | Found a bloodstained altar of Trog.
  5316 | D:7      | Reached skill level 10 in Fighting
  5328 | D:7      | Reached skill level 10 in Axes
  5660 | D:8      | Found a shadowy altar of Dithmenos.
  5747 | D:8      | Noticed dialectric's ghost (novice VSCK)
  5764 | D:8      | Killed dialectric's ghost
  6025 | D:8      | Reached XP level 10. HP: 94/94 MP: 9/9
  6481 | D:8      | Reached ***** piety under Trog
  6502 | D:8      | Found a blossoming altar of Fedhas.
  6752 | D:9      | Noticed Prince Ribbit
  6764 | D:9      | Killed Prince Ribbit
  6785 | D:9      | Found a staircase to the Lair.
  6911 | D:9      | Found a flagged portal.
  6966 | Bailey   | Entered a bailey
  6967 | Bailey   | Noticed an orc knight
  7048 | Bailey   | Mangled by an orc warrior

Vault maps used:
D:1:      erik_arrival_gehennom
D:2:      okawaru_metal_pillars_1_2, nicolae_overflow_crystal_walls,
          uniq_terence
D:3:      kennysheep_slug_shrine, uniq_iyjb
D:4:      first_bread, minmay_surrounded
D:5:      kennysheep_windowed_halls, minitemple, temple_statues, uniq_pikel,
          uniq_crazy_yiuf_cottage, uniq_eustachio
D:6:      kennysheep_mini_moat, uniq_menkaure
D:7:      grunt_temple_overflow_open, gammafunk_temple_overflow_pools,
          nicolae_lava_and_water
D:8:      nicolae_dithmenos_shadow_blocks, fedhas_altar_decomposition
D:9:      lair_0_dummy, enter_bailey_3, serial_shops, nicolae_shop_trees,
          blue_anna_alchemist, uniq_prince_ribbit1
Bailey:   bailey_polearm_4, bailey

Skill      XL: |  1  2  3  4  5  6  7  8  9 10 |
---------------+-------------------------------+-----
Fighting       | 4 5 6 7 8 10 11 | 11.1
Axes           | 4 5 6 7 8 10 11 | 11.0
Armour         | 3 4 6 7 |  7.6
Dodging        | 3 4 5 6 7 |  7.3

Action                   |  1- 3 |  4- 6 |  7- 9 | 10-12 || total
-------------------------+-------+-------+-------+-------++-------
Melee: Hand axe          |    58 |   122 |   387 |   111 ||   678
       Headbutt          |     6 |    26 |    89 |    33 ||   154
Invok: Berserk           |     1 |       |     7 |     1 ||     9
       Trog's Hand       |       |       |     1 |       ||     1
       Burn Spellbooks   |       |       |     4 |       ||     4
  Eat: Chunk             |       |     6 |    14 |     2 ||    22
       Beef jerky        |       |       |     3 |       ||     3
       Fruit             |       |       |     8 |       ||     8
       Royal jelly       |       |       |     1 |       ||     1
       Bread ration      |       |       |       |     1 ||     1
Armor: Animal skin       |     3 |       |       |       ||     3
       Chain mail        |    15 |    86 |   222 |    51 ||   374
Dodge: Dodged            |    29 |    65 |   231 |    52 ||   377
